 Dungeon Crawl Stone Soup version 0.31.0-12-g77e489cdc1 (webtiles) character file.

Game seed: 16123788139438142034

17 jimonade the Chopper (level 2, 0/26 HPs)
             Began as a Hill Orc Monk on Feb 28, 2024.
             Succumbed to a goblin's poison
             ... on level 1 of the Dungeon.
             The game lasted 00:01:15 (243 turns).

jimonade the Chopper (Hill Orc Monk)                 Turns: 243, Time: 00:01:15

Health: 0/26       AC:  6    Str: 13    XL:     2   Next: 62%
Magic:  2/2        EV:  9    Int: 10    God:
Gold:   13         SH:  0    Dex: 13    Spells: 1/1 levels left

rFire   . . .        a - +0 hand axe
rCold   . . .        d - orb {light}
rNeg    . . .        j - +0 scale mail
rPois   .            (no helmet)
rElec   .            (no cloak)
rCorr   .            (no gloves)
SInv    .            (no boots)
Will    .....        (no amulet) Stlth
                     (no ring)
HPRegen 0.24/turn    (no ring)
MPRegen 0.08/turn

%: no passive effects
@: lethally poisoned (0 -> -32), glowing
A: no striking features
a: no special abilities


You were on level 1 of the Dungeon.
You visited 1 branch of the dungeon, and saw 1 of its levels.

You collected 13 gold pieces.

Inventory:

Hand Weapons
 a - a +0 hand axe (weapon)
 h - a +0 dagger of venom
Armour
 b - a +0 robe
 d - an orb of light (worn)
 j - a +0 scale mail (worn)
Talismans
 g - a blade talisman
Scrolls
 e - a scroll of amnesia {unknown}
 f - a scroll of fear {unknown}
 i - a scroll of summoning {unknown}
Potions
 c - a potion of ambrosia


   Skills:
 - Level 3.6 Fighting
 + Level 5.2 Axes
 - Level 2.4 Dodging


You had one spell level left.
You didn't know any spells.
Your spell library was empty.

Dungeon Overview and Level Annotations

Branches:
Dungeon (1/15) Zot: 5753

Altars:


Message History

a +0 dagger; a +0 dagger of venom; 5 stones
h - a +0 dagger of venom The goblin shouts!
A goblin is nearby!
The goblin closely misses you.
You hit the goblin.
The goblin is heavily wounded.
The goblin hits you with a +0 dagger.
You barely miss the goblin.
The goblin is heavily wounded.
The goblin hits you but does no damage.
You barely miss the goblin.
The goblin is heavily wounded.
The goblin hits you with a +0 dagger.
You hit the goblin.
The goblin is almost dead.
The goblin hits you with a +0 dagger.
You slash the goblin!
You kill the goblin!
Things that are here:
a +0 dagger; a goblin corpse
Found a scroll labelled UNOOPE REUTUO.
There is a stone staircase leading down here.
i - a scroll labelled UNOOPE REUTUO
There are no items here.
Found 6 stones.
Found a scale mail.
A rat comes into view.
Found 5 stones.
The rat squeaks loudly.
You hear a loud squeak.
You hear an angry hiss.
A bat comes into view.
A rat comes into view.
You hear a shout!
The bat barely misses you.
A frilled lizard comes into view.
The rat barely misses you.
The frilled lizard hisses angrily.
The bat hits you but does no damage. The rat bites you but does no damage.
You hit the bat.
The bat is moderately wounded.
You hit the rat. The bat hits you but does no damage. The rat bites you.
You hit the bat.
You kill the bat!
You hit the rat but do no damage. The rat closely misses you.
You barely miss the rat.
The rat is moderately wounded.
You hit the rat.
You kill the rat!
The rat closely misses you.
You barely miss the rat.
The rat is moderately wounded.
The rat bites you.
You hit the rat but do no damage.
The rat is moderately wounded.
The rat twitches its whiskers.
The rat barely misses you.
You hit the rat.
You kill the rat!
You hit the frilled lizard.
You kill the frilled lizard!
No target in view!
No target in view!
No target in view!
You see here a +0 scale mail.
j - a +0 scale mail You start removing your armour.
You continue taking off your +0 robe. x4
You finish taking off your +0 robe.
You start putting on your armour.
You continue putting on your +0 scale mail. x5
You finish putting on your +0 scale mail.
You see here a bat corpse.
A goblin comes into view. It is wielding a +2 dagger of venom.
The goblin shouts!
A goblin is nearby!
You hit the goblin but do no damage.
The goblin hits you with a +2 dagger of venom.
You are poisoned.
The goblin hits you with a +2 dagger of venom.
You are more poisoned.
You hit the goblin.
The goblin is moderately wounded.
You feel very sick. The goblin hits you but does no damage.
You are more poisoned.
You hit the goblin but do no damage.
The goblin is moderately wounded.
You feel very sick. The goblin hits you but does no damage.
You are lethally poisoned!
You are too injured to fight recklessly!
You are too injured to fight recklessly!
You closely miss the goblin.
The goblin is moderately wounded.
* * * LOW HITPOINT WARNING * * *
You feel very sick.
The goblin hits you with a +2 dagger of venom.
* * * LOW HITPOINT WARNING * * *
You are more poisoned.
You slash the goblin!
You kill the goblin!
You die...

########.## #.#
## #.# #.#...#
#
#.####.#.#.##.#
#....#.#..(.#.
####..........
###.#....##
#.#.#.##
...####.#.#)#
#.(..†.†.@.#
########.#.###
.........#.#
##########.#
#.# ..# ###


There were no monsters in sight!

Vanquished Creatures
  A dart slug (D:1)
  2 ball pythons (D:1)
  An endoplasm (D:1)
  4 goblins (D:1)
  A hobgoblin (D:1)
  2 kobolds (D:1)
  A bat (D:1)
  A frilled lizard (D:1)
  2 rats (D:1)
15 creatures vanquished.

Notes
Turn   | Place    | Note
-------+----------+-------------------------------------------
     0 | D:1      | jimonade the Hill Orc Monk began the quest for the Orb.
     0 | D:1      | Reached XP level 1. HP: 19/19 MP: 1/1
    60 | D:1      | Reached XP level 2. HP: 13/26 MP: 2/2
   146 | D:1      | Reached skill level 5 in Axes
   243 | D:1      | Succumbed to a goblin's poison

Illustrated notes

Levels and vault maps discovered:
D:1:      wander_arrival_peaceful_grave, layout_loops_ring

Skill      XL: |  1  2 |
---------------+-------+-----
Axes           | 5 |  5.2
Fighting       | |  3.6
Dodging        | |  2.4

Action                     || total
---------------------------++-------
  Melee: Hand axe          ||    42
 Armour: Robe              ||    22
         Scale mail        ||     5
  Dodge: Dodged            ||    19
